[Event "ICC tourney 1901 (45 10)"]
[Site "Internet Chess Club"]
[Date "2020.07.04"]
[Round "1"]
[White "rtahmass"]
[Black "mopaska1106"]
[Result "1-0"]
[ICCResult "Black resigns"]
[WhiteElo "1564"]
[BlackElo "1542"]
[Opening "Sicilian: Labourdonnais-L?wenthal (Kalashnikov) variation"]
[ECO "B32"]
[NIC "SI.32"]
[Time "11:07:28"]
[TimeControl "2700+10"]

1. e4 c5 2. Nf3 Nc6 3. d4 cxd4 4. Nxd4 e5 5. Nb5 d6 6. N1c3 a6 7. Na3 Be7 8.
Be3 h6 9. Nd5 Bg5 10. Bb6 Qd7 11. Nc7+ Kf8 12. Nxa8 Bd8 13. Nc4 {Black
resigns} 1-0

[Event "ICC tourney 1901 (45 10)"]
[Site "Internet Chess Club"]
[Date "2020.07.04"]
[Round "1"]
[White "PawnEatingZombi"]
[Black "hilariouspanda"]
[Result "1-0"]
[ICCResult "Black resigns"]
[WhiteElo "1539"]
[BlackElo "1416"]
[Opening "Benoni: 6.e4"]
[ECO "A65"]
[NIC "OI.09"]
[Time "11:07:32"]
[TimeControl "2700+10"]

1. d4 c5 2. d5 e6 3. c4 Nf6 4. Nc3 exd5 5. cxd5 d6 6. e4 g6 7. Bd3 Bg7 8. h3
a6 9. a4 O-O 10. Nf3 Nbd7 11. O-O Qc7 12. Re1 c4 13. Bf1 Rb8 14. a5 b5 15.
axb6 Nxb6 16. Be3 Nfd7 17. Bd4 Bb7 18. Bxg7 Kxg7 19. Qd4+ f6 20. Ng5 Nc5 21.
Qxc5 Qxc5 22. Ne6+ Kg8 23. Nxc5 dxc5 24. Na4 Bc8 25. Nxc5 Ra8 26. Na4 Rb8
27. Nxb6 Rxb6 28. Bxc4 Bb7 29. b3 Kg7 30. f4 Rd8 31. Rad1 Rb4 32. e5 a5 33.
d6 a4 34. e6 axb3 35. e7 Ra8 36. d7 Ra2 37. Bf1 {Black resigns} 1-0

[Event "ICC tourney 1901 (45 10)"]
[Site "Internet Chess Club"]
[Date "2020.07.04"]
[Round "1"]
[White "Chesslegend21"]
[Black "Chessking2008"]
[Result "1-0"]
[ICCResult "Black resigns"]
[WhiteElo "1578"]
[BlackElo "1629"]
[Opening "King's Indian: Gligoric-Taimanov system"]
[ECO "E92"]
[NIC "KI.18"]
[Time "11:07:44"]
[TimeControl "2700+10"]

1. d4 Nf6 2. c4 g6 3. Nc3 Bg7 4. e4 d6 5. Nf3 O-O 6. Be2 e5 7. Be3 Ng4 8.
Bg5 f6 9. Bh4 Nc6 10. d5 Ne7 11. Nd2 f5 12. Bxg4 fxg4 13. Bg5 h6 14. Be3 c5
15. dxc6 bxc6 16. O-O Be6 17. Qe2 d5 18. cxd5 cxd5 19. exd5 Nxd5 20. Nxd5
Qxd5 21. Rfd1 Rfd8 22. Nb3 Qc4 23. Qxc4 Bxc4 24. Rdc1 Bd3 25. Nc5 e4 26. Ne6
Bxb2 27. Nxd8 Rxd8 28. Rab1 Bxb1 29. Rxb1 Bg7 30. Bxa7 Rd2 31. a3 Bf8 32. g3
Bxa3 33. Be3 Rd5 34. Bxh6 g5 35. Rb7 Bc1 36. Re7 Ba3 37. Rg7+ Kh8 38. Rxg5
Rxg5 39. Bxg5 Kh7 40. Kg2 Kg6 41. Be3 Bd6 42. h3 Kf5 43. h4 Be7 44. Kf1 Bf6
45. Ke2 Bc3 46. h5 Be5 47. Kd2 Bf6 48. Kc2 Ke5 49. Kb3 Kd5 50. Bd2 Ke6 51.
Kc4 Be5 52. Be3 Kf5 53. Kd5 Bc3 54. h6 Bh8 55. Bd4 Bxd4 56. Kxd4 Kg6 57.
Kxe4 Kxh6 58. Kf4 Kh5 59. Kf5 {Black resigns} 1-0

[Event "ICC tourney 1901 (45 10)"]
[Site "Internet Chess Club"]
[Date "2020.07.04"]
[Round "1"]
[White "IAlwaysWin"]
[Black "GeneraLisimus"]
[Result "0-1"]
[ICCResult "White resigns"]
[WhiteElo "1846"]
[BlackElo "2249"]
[Opening "R?ti opening"]
[ECO "A05"]
[NIC "QP.11"]
[Time "11:07:27"]
[TimeControl "2700+10"]

1. Nf3 Nf6 2. e3 g6 3. d4 Bg7 4. c4 O-O 5. Be2 d6 6. Nc3 Nbd7 7. O-O e5 8.
e4 Re8 9. d5 Nc5 10. Qc2 a5 11. h3 Nh5 12. Re1 Nf4 13. Bf1 f5 14. exf5 Bxf5
15. Qd1 Nfd3 16. Bg5 Qd7 17. Bxd3 Nxd3 18. Re2 e4 19. Nh4 Nxb2 20. Qb3 Nd3
21. Nxf5 Qxf5 22. Bd2 e3 23. fxe3 Nc5 24. Qd1 Qd3 25. Rc1 Qxc4 26. a4 Re7
27. Be1 Qd3 28. Bh4 Rxe3 29. Qxd3 Nxd3 30. Rxe3 Nxc1 31. Nb5 c6 32. Re1 cxb5
33. Rxc1 bxa4 34. Bg3 a3 {White resigns} 0-1

[Event "ICC tourney 1901 (45 10)"]
[Site "Internet Chess Club"]
[Date "2020.07.04"]
[Round "1"]
[White "HR2005"]
[Black "jy2020"]
[Result "0-1"]
[ICCResult "White resigns"]
[WhiteElo "1311"]
[BlackElo "1638"]
[Opening "Sicilian: Najdorf"]
[ECO "B90"]
[NIC "SI.14"]
[Time "11:07:25"]
[TimeControl "2700+10"]

1. e4 c5 2. Nf3 d6 3. d4 cxd4 4. Nxd4 Nf6 5. Nc3 a6 6. f3 e5 7. Nb3 Be6 8.
Be3 h5 9. Qd2 Nbd7 10. a4 Rc8 11. O-O-O Qc7 12. Kb1 Nb6 13. Na5 Be7 14. h3
Nbd7 15. Nb3 Nb6 16. Be2 h4 17. f4 Nc4 18. Bxc4 Bxc4 19. fxe5 dxe5 20. Qf2
b5 21. axb5 axb5 22. Nd5 Nxd5 23. exd5 O-O 24. Rhe1 Bxb3 25. cxb3 Bd6 26.
Rc1 Qb7 27. Red1 Rxc1+ 28. Kxc1 Qa6 29. Rd3 b4 30. Rd2 Qa1+ 31. Kc2 e4 32.
Rd4 Be5 33. Qf5 Bxd4 34. Bxd4 Qa6 35. Qxe4 Rc8+ 36. Kd2 Qf1 37. d6 Qc1+ 38.
Kd3 Qd1+ 39. Ke3 Qe1+ 40. Kf3 Qg3+ 41. Ke2 Qxd6 42. Qg4 Qe6+ 43. Qxe6 fxe6
44. Kd3 Kf7 45. Be5 g5 46. Ke3 Rc2 47. Kf3 Kg6 48. g4 hxg3 49. Kxg3 Kf5 50.
Bd6 Rxb2 {White resigns} 0-1

[Event "ICC tourney 1901 (45 10)"]
[Site "Internet Chess Club"]
[Date "2020.07.04"]
[Round "1"]
[White "Openyagami"]
[Black "dpomerantz135"]
[Result "0-1"]
[ICCResult "White resigns"]
[WhiteElo "1343"]
[BlackElo "1833"]
[Opening "Nimzo-Indian: Kmoch variation"]
[ECO "E20"]
[NIC "NI.30"]
[Time "11:07:54"]
[TimeControl "2700+10"]

1. c4 Nf6 2. Nc3 e6 3. d4 Bb4 4. f3 c5 5. d5 b5 6. e4 O-O 7. Bd2 bxc4 8.
Bxc4 Bb7 9. Nge2 Nxd5 10. Nxd5 Bxd2+ 11. Qxd2 exd5 12. Bxd5 Bxd5 13. Qxd5
Qb6 14. Qd2 Nc6 15. Nf4 Rab8 16. b3 Nd4 17. Nd5 Qa6 18. Rc1 d6 19. Kf2 Kh8
20. Rhe1 f5 21. exf5 Rxf5 22. Nc7 Qb7 23. Ne6 Nxf3 24. gxf3 Qxf3+ 25. Kg1
Rf6 {White resigns} 0-1

[Event "ICC tourney 1901 (45 10)"]
[Site "Internet Chess Club"]
[Date "2020.07.04"]
[Round "1"]
[White "gmRohde"]
[Black "RagingKnightNC"]
[Result "1/2-1/2"]
[ICCResult "Game drawn by repetition"]
[WhiteElo "1663"]
[BlackElo "1476"]
[Opening "King's Indian: 5.Nf3"]
[ECO "E90"]
[NIC "KI.22"]
[Time "11:07:26"]
[TimeControl "2700+10"]

1. Nf3 Nf6 2. c4 g6 3. Nc3 Bg7 4. e4 d6 5. d4 Nbd7 6. e5 dxe5 7. dxe5 Ng4 8.
e6 fxe6 9. Ng5 Nde5 10. Qxd8+ Kxd8 11. h3 h6 12. hxg4 hxg5 13. Rxh8+ Bxh8
14. f3 b6 15. Bxg5 Ba6 16. O-O-O+ Ke8 17. Nb5 Bxb5 18. cxb5 Rd8 19. Rxd8+
Kxd8 20. Kc2 Bf6 21. Be3 g5 22. Be2 Ng6 23. g3 Be5 24. Bd3 Nf8 25. f4 Bg7
26. fxg5 e5 27. Bc4 e6 28. Kd3 Ke7 29. Ke4 Nd7 30. b3 Nf8 31. Bd2 Ng6 32.
Bb4+ Kd7 33. Bc3 Kd6 34. Bd3 Kd7 35. Bb4 Ne7 36. Bc4 Ng6 37. Bd3 Ne7 38. Bc4
Ng6 39. Bd3 Ne7 40. Bc4 Ng6 {Game drawn by repetition} 1/2-1/2

[Event "ICC tourney 1901 (45 10)"]
[Site "Internet Chess Club"]
[Date "2020.07.04"]
[Round "1"]
[White "justinchess"]
[Black "penguinwizard"]
[Result "1/2-1/2"]
[ICCResult "Game drawn by mutual agreement"]
[WhiteElo "2038"]
[BlackElo "1636"]
[Opening "English: symmetrical, hedgehog system"]
[ECO "A16"]
[NIC "EO.40"]
[Time "11:08:19"]
[TimeControl "2700+10"]

1. c4 Nf6 2. Nc3 c5 3. Nf3 e6 4. g3 b6 5. Bg2 Bb7 6. O-O Be7 7. Re1 d6 8. e4
Nbd7 9. d4 cxd4 10. Nxd4 Qc7 11. b3 a6 12. Bb2 O-O 13. Qd2 Rac8 14. Rad1
Rfe8 15. h3 Bf8 16. Kh2 Qb8 17. f4 Nc5 18. Qe2 d5 19. e5 Nfe4 20. Nxe4 Nxe4
21. cxd5 exd5 22. Nf5 Red8 23. Bxe4 dxe4 24. Nh6+ gxh6 25. e6
{Game drawn by mutual agreement}
1/2-1/2

[Event "ICC tourney 1901 (45 10)"]
[Site "Internet Chess Club"]
[Date "2020.07.04"]
[Round "1"]
[White "GutsyEdge"]
[Black "SLwind07"]
[Result "0-1"]
[ICCResult "White resigns"]
[WhiteElo "1317"]
[BlackElo "1466"]
[Opening "Queen's Indian: Riumin variation"]
[ECO "E16"]
[NIC "QI.06"]
[Time "11:07:34"]
[TimeControl "2700+10"]

1. d4 Nf6 2. c4 e6 3. Nf3 b6 4. g3 Bb7 5. Bg2 Bb4+ 6. Bd2 Be7 7. O-O O-O 8.
Nc3 Ne4 9. Qc2 Nxc3 10. Bxc3 f5 11. Nd2 Bxg2 12. Kxg2 Nc6 13. d5 Nb8 14. e4
f4 15. b4 Qe8 16. f3 Qh5 17. a3 e5 18. Qb2 d6 19. c5 fxg3 20. hxg3 Nd7 21.
c6 Nf6 22. Nc4 Qg6 23. Qc2 Nxd5 24. Rad1 Nf4+ 25. Kf2 Bh4 {White resigns}
0-1

[Event "ICC tourney 1901 (45 10)"]
[Site "Internet Chess Club"]
[Date "2020.07.04"]
[Round "1"]
[White "shianen"]
[Black "Brian6712"]
[Result "1-0"]
[ICCResult "Black checkmated"]
[WhiteElo "1597"]
[BlackElo "1332"]
[Opening "King's Indian: orthodox, Aronin-Taimanov, Benk? attack"]
[ECO "E99"]
[NIC "KI.02"]
[Time "11:07:24"]
[TimeControl "2700+10"]

1. d4 Nf6 2. c4 g6 3. Nc3 Bg7 4. e4 O-O 5. Be2 d6 6. Nf3 e5 7. O-O Nc6 8. d5
Ne7 9. Ne1 Nd7 10. f3 f5 11. g4 Nf6 12. Nd3 c6 13. Kg2 b5 14. dxc6 bxc4 15.
Nb4 Be6 16. g5 Nh5 17. Ncd5 fxe4 18. fxe4 Nxd5 19. Rxf8+ Qxf8 20. Nxd5 Bxd5
21. Qxd5+ Kh8 22. Bxc4 Nf4+ 23. Bxf4 exf4 24. Rf1 Be5 25. Ba6 Qd8 26. c7
Qxg5+ 27. Kh1 Rf8 28. c8=Q Rxc8 29. Bxc8 f3 30. Rxf3 Qc1+ 31. Kg2 Qxc8 32.
h3 Qd8 33. Qf7 Bxb2 34. Qf8+ Qxf8 35. Rxf8+ Kg7 36. Rd8 Bd4 37. Rxd6 Bb6 38.
Rd7+ Kh6 39. Kf3 Bc5 40. Kg4 g5 41. Kf5 g4 42. hxg4 Be3 43. e5 a5 44. e6 Bg5
45. e7 Bxe7 46. Rxe7 a4 47. g5+ Kh5 48. Rxh7# {Black checkmated} 1-0

[Event "ICC tourney 1901 (45 10)"]
[Site "Internet Chess Club"]
[Date "2020.07.04"]
[Round "1"]
[White "musk6868"]
[Black "woodychess"]
[Result "1/2-1/2"]
[ICCResult "Game drawn by mutual agreement"]
[WhiteElo "1875"]
[BlackElo "1529"]
[Opening "Sicilian: Alapin's variation (2.c3)"]
[ECO "B22"]
[NIC "SI.46"]
[Time "11:07:35"]
[TimeControl "2700+10"]

1. e4 c5 2. c3 d5 3. exd5 Qxd5 4. d4 Nc6 5. Nf3 Bf5 6. Na3 e6 7. Be3 cxd4 8.
Nb5 O-O-O 9. Nbxd4 Bc5 10. Qa4 Nxd4 11. cxd4 Bb6 12. Rc1+ Kb8 13. Bc4 Qa5+
14. Qxa5 Bxa5+ 15. Ke2 Nf6 16. Ne5 Rhf8 17. Rhd1 Ng4 18. Nxg4 Bxg4+ 19. f3
Bf5 20. g4 Bg6 21. h4 h5 22. d5 exd5 23. Bxd5 Rfe8 24. Kf2 Bc7 25. Bxa7+
Kxa7 26. Rxc7 hxg4 27. Rxb7+ Ka6 28. Rd7 Rxd7 29. Bc4+ Kb6 30. Rxd7 gxf3 31.
Bxf7 Bxf7 32. Rxf7 Re2+ 33. Kxf3 Rxb2 34. Rxg7 Rxa2 35. Kf4 Rh2 36. Kg5 Kc5
37. Rd7 Rg2+ 38. Kh6 Kc6 39. Rd1 Rg8 40. h5 Rh8+ 41. Kg6 Rg8+ 42. Kh7 Rg5
43. h6 Rg4 44. Kh8 Rg6 45. h7 Kc7 46. Ra1 Kd7 47. Ra7+ Ke8 48. Rg7 Rf6 49.
Rg8+ Kf7 50. Rg1 Kf8 51. Rg8+ Kf7 52. Ra8 Rg6 53. Ra7+ Kf8 54. Rb7 Rg5 55.
Rb8+ Kf7 {Game drawn by mutual agreement} 1/2-1/2

[Event "ICC tourney 1901 (45 10)"]
[Site "Internet Chess Club"]
[Date "2020.07.04"]
[Round "1"]
[White "manest"]
[Black "hoshibosh"]
[Result "1-0"]
[ICCResult "Black forfeits on time"]
[WhiteElo "2389"]
[BlackElo "1596"]
[Opening "English: Queens Indian formation"]
[ECO "A05"]
[NIC "QP.11"]
[Time "11:07:59"]
[TimeControl "2700+10"]

1. Nf3 Nf6 2. c4 e6 3. Nc3 b6 4. e4 d5 5. cxd5 exd5 6. e5 Nfd7 7. d4 c6 8.
Bd3 Be7 9. Qe2 Nf8 10. Be3 Ne6 11. h4 a5 12. Ng5 h6 13. Nxe6 Bxe6 14. O-O-O
h5 15. Kb1 Nd7 16. Qc2 b5 17. f4 Bg4 18. Be2 a4 19. Bxg4 hxg4 20. Qf5 b4 21.
Ne2 Nb6 22. Qxg4 Nc4 23. Bc1 Kf8 24. Rd3 Qb6 25. Rg3 Rh7 26. f5 b3 27. f6
Ba3 28. fxg7+ Kg8 29. e6 f6 30. Qg6 Nd6 31. bxa3 bxa2+ 32. Kxa2 Rb8 33. Qc2
Ne4 34. Rg6 Qb5 35. Rh3 Rh5 36. g4 Rh7 37. h5 Rxg7 38. Rxg7+ Kxg7 39. Re3
Rb7 40. Ng3 Nf2 41. e7 {Black forfeits on time} 1-0

[Event "ICC tourney 1901 (45 10)"]
[Site "Internet Chess Club"]
[Date "2020.07.04"]
[Round "1"]
[White "Venom2020"]
[Black "GGuseinov"]
[Result "0-1"]
[ICCResult "White resigns"]
[WhiteElo "1376"]
[BlackElo "1716"]
[Opening "Sicilian: accelerated fianchetto, modern variation with Bc4"]
[ECO "B35"]
[NIC "SI.33"]
[Time "11:07:31"]
[TimeControl "2700+10"]

1. e4 c5 2. Nf3 g6 3. d4 cxd4 4. Nxd4 Nc6 5. Nc3 Bg7 6. Be3 Nf6 7. Bc4 O-O
8. Bb3 d5 9. exd5 Na5 10. O-O Nxb3 11. Nxb3 b6 12. Qd2 Bb7 13. Rad1 Qc7 14.
Bf4 Qc4 15. Rfe1 Rfe8 16. Qd4 Rac8 17. Be5 Red8 18. h3 Rd7 19. Qxc4 Rxc4 20.
d6 e6 21. Rd4 Rxd4 22. Nxd4 Ne8 23. Bxg7 Kxg7 24. Rd1 Rxd6 25. Ndb5 Rxd1+
26. Nxd1 a6 27. Nbc3 Nd6 28. Ne3 Bc6 29. a4 g5 30. b3 f5 31. g3 h5 32. Ne2
Kf6 33. f4 e5 34. fxg5+ Kxg5 35. h4+ Kf6 36. Nc3 Ke6 37. Kf2 f4 38. gxf4
exf4 39. Ng2 Bxg2 40. Kxg2 Ke5 41. Kf2 Nf5 42. Na2 Nxh4 43. Nb4 a5 44. Nd3+
Ke4 45. b4 axb4 46. Nxb4 Nf5 47. Nc6 Nd4 48. Ne7 h4 49. Nc8 h3 50. Nxb6 f3
51. Kg3 Ke3 52. Nd5+ Kd2 53. c3 h2 54. Kxh2 f2 55. Kg2 Ke1 56. Ne3 Nf5 57.
Nf1 Nh4+ 58. Kh3 Kxf1 59. a5 Ke2 {White resigns} 0-1

[Event "ICC tourney 1901 (45 10)"]
[Site "Internet Chess Club"]
[Date "2020.07.04"]
[Round "1"]
[White "chessmate09520"]
[Black "ChessDex"]
[Result "0-1"]
[ICCResult "White resigns"]
[WhiteElo "1321"]
[BlackElo "1542"]
[Opening "Robatsch defense: three pawns attack"]
[ECO "B06"]
[NIC "KF.05"]
[Time "11:07:36"]
[TimeControl "2700+10"]

1. e4 g6 2. d4 Bg7 3. f4 d5 4. e5 Nh6 5. Be2 O-O 6. Nf3 c5 7. c3 Qb6 8. Na3
Nc6 9. O-O cxd4 10. cxd4 Bg4 11. Nc2 Nf5 12. Ne3 Ncxd4 13. Kh1 Nxe2 14. Nxf5
Bxf5 15. Qxe2 Rac8 16. Be3 Qa5 17. Nd4 Be4 18. b3 a6 19. Rac1 Qa3 20. Qd2 e6
21. h3 Rfe8 22. Rc3 Bf8 23. Rfc1 Rxc3 24. Qxc3 Qxa2 25. Bd2 Ba3 26. Ra1 Qb2
27. Ne2 Qxc3 28. Nxc3 Bc5 29. Nxe4 dxe4 30. Re1 Rd8 31. Ba5 b6 32. Bc3 Rd3
33. Rc1 Be3 34. Rc2 Bxf4 35. Kg1 Bg3 36. Kf1 Rd5 37. Ke2 Bxe5 38. Bb4 Kg7
39. Rc6 Rb5 40. Rc4 a5 41. Be7 Rxb3 42. Rxe4 Bf6 43. Bd6 b5 44. h4 a4 45. g4
Bxh4 46. Rf4 Bf6 {White resigns} 0-1

[Event "ICC tourney 1901 (45 10)"]
[Site "Internet Chess Club"]
[Date "2020.07.04"]
[Round "1"]
[White "Chessulanru2020"]
[Black "BrainOnFire"]
[Result "1-0"]
[ICCResult "Black resigns"]
[WhiteElo "1565"]
[BlackElo "1547"]
[Opening "Trompowsky attack (Ruth, Opocensk? opening)"]
[ECO "A45"]
[NIC "QP.07"]
[Time "11:07:27"]
[TimeControl "2700+10"]

1. d4 Nf6 2. Bg5 Ne4 3. Bf4 d5 4. f3 Nf6 5. e4 dxe4 6. Nc3 exf3 7. Nxf3 e6
8. Bc4 Bd6 9. Ne5 O-O 10. O-O a6 11. a4 c5 12. d5 Qc7 13. Qe2 Re8 14. Rae1
Re7 15. dxe6 Bxe6 16. Nxf7 Bxf7 17. Bxf7+ Kxf7 18. Qc4+ Ke8 19. Bg5 Bxh2+
20. Kh1 Re5 21. Bxf6 gxf6 22. Qg8+ Kd7 23. Rd1+ Kc6 24. Rxf6+ {Black
resigns} 1-0

[Event "ICC tourney 1901 (45 10)"]
[Site "Internet Chess Club"]
[Date "2020.07.04"]
[Round "1"]
[White "hydroblade"]
[Black "SilentFog"]
[Result "0-1"]
[ICCResult "White resigns"]
[WhiteElo "1514"]
[BlackElo "1548"]
[Opening "Queen's pawn: English defense"]
[ECO "A40"]
[NIC "QO.17"]
[Time "11:07:26"]
[TimeControl "2700+10"]

1. d4 b6 2. c4 Bb7 3. Nf3 Nf6 4. g3 g6 5. Bg2 Bg7 6. O-O O-O 7. Nc3 Ne4 8.
Qc2 Nxc3 9. bxc3 d6 10. Bb2 c5 11. Rad1 Nc6 12. Rfe1 Rc8 13. e4 Na5 14. Nd2
Ba6 15. Bf1 cxd4 16. cxd4 Nxc4 17. Nxc4 b5 18. Ba1 bxc4 19. Qa4 Qb6 20. Rb1
Qc6 21. Qa5 Rb8 22. d5 Rb5 23. Qa3 Qb6 24. Rxb5 Qxb5 25. Bxg7 Kxg7 26. Qc3+
Kg8 27. a4 Qb6 28. Rc1 Rc8 29. a5 Qb3 30. Qxb3 cxb3 31. Rxc8+ Bxc8 32. Bd3
b2 33. f3 f5 34. Kf2 fxe4 35. fxe4 Kf7 36. Ke3 Kf6 37. Kd2 Ba6 38. Bb1 Ke5
39. Kc3 Be2 40. Kxb2 Bf3 41. Kc3 Bxe4 42. Bxe4 Kxe4 43. Kc4 a6 {White
resigns} 0-1

[Event "ICC tourney 1901 (45 10)"]
[Site "Internet Chess Club"]
[Date "2020.07.04"]
[Round "1"]
[White "savchess06"]
[Black "fishbein"]
[Result "0-1"]
[ICCResult "White resigns"]
[WhiteElo "1362"]
[BlackElo "1671"]
[Opening "Sicilian: Richter-Rauzer, Rauzer attack, 7...Be7 defense, 9.f4"]
[ECO "B64"]
[NIC "SI.28"]
[Time "11:07:36"]
[TimeControl "2700+10"]

1. e4 c5 2. Nf3 d6 3. d4 cxd4 4. Nxd4 Nf6 5. Nc3 Nc6 6. Bg5 e6 7. Qd2 Be7 8.
O-O-O O-O 9. f4 h6 10. Bxf6 Bxf6 11. Ndb5 Qa5 12. Kb1 Rd8 13. Nxd6 e5 14.
Qc1 Be6 15. Nc4 Qc5 16. Nd5 Bxd5 17. exd5 Rxd5 18. Rxd5 Qxd5 19. Nxe5 Nxe5
20. fxe5 Bxe5 21. Bd3 Qxg2 22. h4 Rd8 23. Rg1 Qh2 24. Rh1 Qf2 25. h5 Qb6 26.
Rf1 Bf6 27. Rf3 Re8 28. c3 Rc8 29. Ka1 Qd6 30. Bc2 Re8 31. Rf1 Qc5 32. Qd1
Qe5 33. a3 Rd8 34. Qe1 Qxh5 35. Qe4 Qe5 36. Qxe5 Bxe5 37. Bb3 Rd7 38. Kb1 g6
39. Kc2 Kg7 40. Re1 Bf6 41. Bc4 h5 42. Rh1 Re7 43. b4 Re3 44. Bd3 b6 45. c4
Rg3 46. Rd1 h4 47. Be4 Rc3+ 48. Kd2 Rxc4 49. Bh1 Rd4+ 50. Ke2 Rxd1 51. Kxd1
Be7 52. Kc2 f5 53. Kd3 Kf6 54. Ke3 g5 55. Bb7 Bd6 56. Kf2 g4 57. Kg1 Kg5 58.
Kg2 h3+ 59. Kg1 Be5 60. a4 Bd4+ 61. Kf1 g3 62. Bg2 hxg2+ 63. Kxg2 Kg4 64. a5
bxa5 65. bxa5 f4 66. a6 f3+ {White resigns} 0-1

[Event "ICC tourney 1901 (45 10)"]
[Site "Internet Chess Club"]
[Date "2020.07.04"]
[Round "1"]
[White "Xuanli28"]
[Black "helavir"]
[Result "1/2-1/2"]
[ICCResult "Game drawn by mutual agreement"]
[WhiteElo "1755"]
[BlackElo "1790"]
[Opening "Caro-Kann: classical, Spassky variation"]
[ECO "B18"]
[NIC "CK.12"]
[Time "11:08:19"]
[TimeControl "2700+10"]

1. e4 c6 2. d4 d5 3. Nd2 dxe4 4. Nxe4 Bf5 5. Ng3 Bg6 6. Nf3 Nd7 7. h4 h6 8.
h5 Bh7 9. Bd3 Bxd3 10. Qxd3 e6 11. Bf4 Qa5+ 12. Bd2 Bb4 13. Ne4 Ngf6 14.
Nd6+ Ke7 15. Nxb7 Bxd2+ 16. Nxd2 Qb4 17. Qb3 Qxd4 18. O-O-O Rab8 19. c3 Qb6
20. Qa3+ c5 21. Na5 Rhd8 22. Ndc4 Qc7 23. Rh4 Kf8 24. Re1 Nd5 25. g3 Ne7 26.
Qa4 Nb6 27. Qc2 Kg8 28. Rg4 Rd5 29. Qe4 Rbd8 30. Qf3 Nf5 31. Rge4 Nd6 32.
Nxd6 R8xd6 33. Nb3 Qd8 34. Qe2 Qg5+ 35. Kc2 c4 36. Nd4 Qxh5 37. Qxh5 Rxh5
38. Re5 Rxe5 39. Rxe5 Rd5 40. Rxd5 exd5 41. Nc6 a6 42. Nb8 a5 43. Nc6 a4 44.
Kd2 h5 45. Ke3 g5 46. f4 f6 47. Nd4 Kf7 48. a3 gxf4+ 49. Kxf4 Nd7 50. Kf5
Nc5 51. Nb5 Nd3 52. Nc7 Nxb2 53. Nxd5 Nd1 54. Nb6 Nxc3 55. Nxc4 Ne2 56. Nd6+
Ke7 57. Ne4 Kf7 58. Nd6+ Ke7 59. Ne4 Nd4+ 60. Kg6 f5 61. Nc3 f4 62. Nd5+ Kd6
63. Nxf4 Nb5 64. Nd3 {Game drawn by mutual agreement} 1/2-1/2

[Event "ICC tourney 1901 (45 10)"]
[Site "Internet Chess Club"]
[Date "2020.07.04"]
[Round "1"]
[White "vyomvidy"]
[Black "ganzy"]
[Result "1-0"]
[ICCResult "Black forfeits on time"]
[WhiteElo "1597"]
[BlackElo "1332"]
[Opening "Dunst (Sleipner, Heinrichsen) opening"]
[ECO "D00"]
[NIC "VO.15"]
[Time "11:07:30"]
[TimeControl "2700+10"]

1. Nc3 Nf6 2. d4 d5 3. Bf4 c5 4. e3 Qb6 5. Nb5 Na6 6. dxc5 Qxc5 7. c3 Bd7 8.
a4 e6 9. Qd4 Bc6 10. Nf3 Nh5 11. Qxc5 Bxc5 12. Bd6 Bxd6 13. Nxd6+ Ke7 14.
Nxf7 Kxf7 15. Bxa6 bxa6 16. Ne5+ Ke7 17. Nxc6+ Kd6 18. Nb4 a5 19. Nd3 e5 20.
O-O-O Rac8 21. f4 exf4 22. exf4 Rc4 23. g3 Rxa4 24. Kc2 Re8 25. Ne5 g5 26.
Nf7+ Kc5 27. Nxg5 Re2+ 28. Rd2 Rxd2+ 29. Kxd2 Nf6 30. Re1 h6 31. Re6 Ng4 32.
Nf3 Re4 33. Rg6 Ne3 34. Nd4 {Black forfeits on time} 1-0

[Event "ICC tourney 1901 (45 10)"]
[Site "Internet Chess Club"]
[Date "2020.07.04"]
[Round "1"]
[White "bpovo1394"]
[Black "allez"]
[Result "1/2-1/2"]
[ICCResult "Game drawn by repetition"]
[WhiteElo "1645"]
[BlackElo "1656"]
[Opening "Sicilian defense"]
[ECO "B40"]
[NIC "SI.43"]
[Time "11:07:29"]
[TimeControl "2700+10"]

1. e4 c5 2. Nf3 e6 3. g3 Nc6 4. Bg2 Nf6 5. Qe2 d5 6. exd5 Nxd5 7. O-O Be7 8.
Rd1 Nd4 9. Nxd4 cxd4 10. c3 O-O 11. cxd4 Bd7 12. Nc3 Bc6 13. d3 Nb4 14. Be3
Bxg2 15. Kxg2 Bf6 16. a3 Nc6 17. d5 exd5 18. d4 Qd7 19. Qf3 Rfd8 20. Ne2
Rac8 21. Rac1 Re8 22. Nf4 Re4 23. Rc5 Ree8 24. Nxd5 Be7 25. Nxe7+ Nxe7 26.
d5 Nf5 27. Rxc8 Rxc8 28. Bxa7 Rc2 29. b4 g6 30. Bd4 Rc4 31. Bb2 Rc2 32. Ba1
h5 33. Qe4 Rc8 34. Qe5 Kh7 35. h3 Rg8 36. Rc1 Nd6 37. Re1 Nc4 38. Qd4 Nxa3
39. d6 Nc2 40. Re7 Qc6+ 41. Qe4 Qxe4+ 42. Rxe4 Nxa1 43. Re7 Kg7 44. Rxb7 Rd8
45. d7 Nb3 46. b5 Nc5 47. Rc7 Nxd7 48. Kf3 Kf6 49. Ke4 Ke7 50. Kd5 Rb8 51.
Kc4 Kd6 52. Rc6+ Ke5 53. Rc7 Nb6+ 54. Kc5 Nd5 55. Rc6 Ke4 56. g4 h4 57. g5
Ke5 58. f3 Rb7 59. Rc8 Rc7+ 60. Rxc7 Nxc7 61. b6 Na6+ 62. Kc6 Kd4 63. b7 Ke3
64. Kb6 Nb8 65. Kc7 Na6+ 66. Kb6 Nb8 67. Kc7 Na6+ 68. Kb6
{Game drawn by repetition}
1/2-1/2

[Event "ICC tourney 1901 (45 10)"]
[Site "Internet Chess Club"]
[Date "2020.07.04"]
[Round "1"]
[White "danbron"]
[Black "blueeagle405"]
[Result "1-0"]
[ICCResult "Black checkmated"]
[WhiteElo "1595"]
[BlackElo "1546"]
[Opening "Sicilian: Pelikan, Chelyabinsk variation"]
[ECO "B33"]
[NIC "SI.37"]
[Time "11:07:32"]
[TimeControl "2700+10"]

1. e4 c5 2. Nf3 Nc6 3. d4 cxd4 4. Nxd4 Nf6 5. Nc3 e5 6. Ndb5 d6 7. Bg5 a6 8.
Na3 b5 9. Nd5 Be7 10. Bxf6 Bxf6 11. c3 Bg5 12. Nc2 O-O 13. a4 bxa4 14. Rxa4
a5 15. Bc4 Bd7 16. Ra2 a4 17. O-O Na5 18. Be2 Nb3 19. Nce3 Nc5 20. Qc2 Bc6
21. f3 Bxe3+ 22. Nxe3 Qg5 23. Nd5 f5 24. Bc4 Kh8 25. exf5 Bd7 26. Nb6 Bxf5
27. Qd1 Rab8 28. Nxa4 Bd3 29. Bxd3 Qe3+ 30. Kh1 Nxd3 31. b4 e4 32. Qd2 Qa7
33. Nc5 Qxa2 34. Qxa2 dxc5 35. bxc5 e3 36. Qe2 Nf2+ 37. Kg1 Rfe8 38. c6 Rbc8
39. Rb1 h6 40. Qc4 Ra8 41. c7 Rac8 42. Kf1 Kh7 43. Ke2 Re7 44. Rb8 Rcxc7 45.
Qg8+ Kg6 46. Rb6+ Kf5 47. Qd5+ Re5 48. g4+ Kf4 49. Rb4+ Ne4 50. Rxe4+ Rxe4
51. Qf5# {Black checkmated} 1-0

[Event "ICC tourney 1901 (45 10)"]
[Site "Internet Chess Club"]
[Date "2020.07.04"]
[Round "1"]
[White "kptl132"]
[Black "MrNormalName"]
[Result "0-1"]
[ICCResult "White resigns"]
[WhiteElo "1378"]
[BlackElo "1616"]
[Opening "Giuoco Piano"]
[ECO "C54"]
[NIC "IG.02"]
[Time "11:07:39"]
[TimeControl "2700+10"]

1. e4 e5 2. Nf3 Nc6 3. Bc4 Bc5 4. c3 Nf6 5. d4 exd4 6. cxd4 Bb4+ 7. Nbd2
Nxe4 8. d5 Ne7 9. O-O Nxd2 10. Bxd2 Bxd2 11. d6 cxd6 12. Qxd2 d5 13. Bxd5
O-O 14. Rae1 d6 15. Re2 Nxd5 16. Qxd5 Be6 17. Qd3 Rc8 18. b3 Bg4 19. Rfe1
Bxf3 20. Qxf3 Qd7 21. h3 Rc7 22. Qd5 h6 23. Qd4 a6 24. Qh4 Rfc8 25. Re7 Qd8
26. Rxc7 Qxc7 27. Re7 Qd8 28. Qe4 d5 29. Qe5 d4 30. Rxb7 d3 31. Qf5 Rc1+ 32.
Kh2 Rc7 33. Rxc7 Qxc7+ 34. g3 Qd8 35. Qf3 d2 36. Qd1 Qa5 37. Qc2 Qd5 38. Qd1
Qd4 39. Kg1 Qb2 40. Kf1 Qxa2 41. Ke2 Kh7 42. Kd3 Qb2 43. h4 g6 44. Ke2 Qc3
45. f3 h5 46. Kf1 Qe3 47. g4 hxg4 48. fxg4 Qh3+ 49. Ke2 Qxg4+ 50. Kxd2 Qxd1+
51. Kxd1 Kh6 {White resigns} 0-1